 Dungeon Crawl Stone Soup version 0.27.1-1-g398f81649c (webtiles) character file.

Game seed: 62072566834482625

20 T3K the Gusty (level 2, 0/20 HPs)
             Began as a Draconian Air Elementalist on Sept 9, 2021.
             Was a Follower of Sif Muna.
             Killed from afar by Natasha (5 damage)
             ... with a magic dart
             ... on level 2 of the Dungeon.
             The game lasted 00:02:18 (1301 turns).

T3K the Gusty (Draconian Air Elementalist)          Turns: 1301, Time: 00:02:19

Health: 0/20       AC:  4    Str: 10    XL:     2   Next: 58%
Magic:  2/5        EV: 12    Int: 15    God:    Sif Muna [*.....]
Gold:   36         SH:  0    Dex: 11    Spells: 4/5 levels left

rFire    . . .     SeeInvis .   (no weapon)
rCold    . . .     Faith    .   (no shield)
rNeg     . . .     Spirit   .   (armour unavailable)
rPois    .         Reflect  .   (helmet restricted)
rElec    .         Harm     .   (no cloak)
rCorr    .         Rampage  .   (no gloves)
Will     .....                  (no boots)
Stlth    ++........             (no amulet)
HPRegen  0.06/turn              (no ring)
MPRegen  0.09/turn              (no ring)

@: slowed, very slow
A: AC +4, unfitting armour, cold-blooded
a: Renounce Religion, Channel Magic


You were on level 2 of the Dungeon.
You worshipped Sif Muna.
Sif Muna was aware of your devotion.
You visited 1 branch of the dungeon, and saw 2 of its levels.

You collected 36 gold pieces.

Inventory:

Scrolls
 b - a scroll of immolation {unknown}
 c - 2 scrolls of identify {unknown}
Potions
 a - a potion of brilliance
 d - a potion of haste {unknown}


   Skills:
 + Level 1.9 Dodging
 + Level 1.8 Stealth
 + Level 2.3 Spellcasting
 + Level 1.1 Conjurations
 + Level 3.4 Air Magic


You had 4 spell levels left.
You knew the following spells:

 Your Spells              Type           Power      Damage    Failure   Level
a - Shock                 Conj/Air       32%        1d5       9%          1

Your spell library contained the following spells:

 Spells                   Type           Power      Damage    Failure   Level
 Static Discharge         Conj/Air       8%         N/A       13%         2
 Swiftness                Air            12%        N/A       16%         3
 Airstrike                Air            6%         N/A       45%         4


Dungeon Overview and Level Annotations

Branches:
Dungeon (2/15)

Altars:
Makhleb
Sif Muna

Annotations:
D:2 Natasha


Innate Abilities, Weirdness & Mutations

Your plain brown scales are hard. (AC +4)
You cannot fit into any form of body armour.
You are cold-blooded and may be slowed by cold attacks.


Message History

Found a burning altar of Makhleb.
You can't see any susceptible monsters within range! (Use Z to cast anyway.)
Found an inky potion.
d - an inky potion
Found a scroll labelled OTHRYU PIONYCWE and 11 gold pieces.
You now have 36 gold pieces (gained 11).
c - 2 scrolls labelled OTHRYU PIONYCWE (gained 1) Natasha, Servant of Life and Death comes into view.
The zap hits Natasha.
Natasha is lightly wounded.
Natasha hisses angrily.
The zap hits Natasha but does no damage.
Natasha is lightly wounded.
Natasha mumbles some strange words.
Natasha's front paws start to glow.
Okay, then.
The zap misses Natasha.
The zap misses Natasha.
Natasha stares at you and mumbles some strange words.
The magic dart hits you.
The zap hits Natasha but does no damage.
Natasha is lightly wounded.
Natasha casts a spell at you. The magic dart hits you!
Found 17 stones.
Natasha casts a spell at you.
You feel yourself slow down.
You are too injured to fight recklessly!
Natasha casts a spell.
Found a stone staircase leading down.
Natasha casts a spell at you. The magic dart hits you.
* * * LOW HITPOINT WARNING * * *
Found 19 stones.
Natasha closely misses you.
Natasha casts a spell.
The white imp gestures at you. The puff of frost misses you.
Natasha casts a spell at you. The magic dart hits you.
You die...

####..........#.#.....
......#######.#.....#.
#..(#######.#.#^....
#...5..5........#.##
#...5######.#.#.#.##
#######h.# #.#.#.#.##
.........# ..#.#.#.##
#######.#########.#.#.##
#@....... .......+
#......... .##.#.##
#......... . ..#.##
#......... #+#
#......(.. #.........
#......... #.........


You could see Natasha and 2 white imps.

Vanquished Creatures
  4 endoplasms (D:1)
  A goblin (D:1)
  3 hobgoblins (D:1)
  A kobold (D:1)
  2 ball pythons (D:1)
  4 bats
  3 frilled lizards
  A rat (D:1)
19 creatures vanquished.

Notes
Turn   | Place    | Note
-------+----------+-------------------------------------------
     0 | D:1      | T3K the Draconian Air Elementalist began the quest for the
                  | Orb.
     0 | D:1      | Reached XP level 1. HP: 14/14 MP: 3/3
   454 | D:1      | Reached XP level 2. HP: 20/20 MP: 0/5
   505 | D:1      | Found a faded altar of an unknown god.
   512 | D:1      | Became a worshipper of Sif Muna the Loreminder
   512 | D:1      | Reached * piety under Sif Muna
  1253 | D:2      | Found a burning altar of Makhleb.
  1283 | D:2      | Noticed Natasha
  1301 | D:2      | Killed from afar by Natasha

Illustrated notes

Levels and vault maps discovered:
D:1:      evilmike_arrival_hilbert_curve, layout_basic,
          ebering_ecumenical_altar_mist
D:2:      layout_basic, basic_altar, hex_medium, minmay_heptomino_d4,
          uniq_natasha

Action                   || total
-------------------------++-------
 Cast: Shock             ||    40
  Use: Potion            ||     1
Dodge: Dodged            ||     3
